 Dungeon Crawl Stone Soup version 0.31.0-12-g77e489cdc1 (webtiles) character file.

Game seed: 6372579416411403059

18 Doomgape the Covered (level 2, 0/30 HPs)
             Began as a Gargoyle Fighter on Mar 1, 2024.
             Slain by Terence
             ... wielding a +0 flail
              (3 damage)
             ... on level 2 of the Dungeon.
             The game lasted 00:01:26 (686 turns).

Doomgape the Covered (Gargoyle Fighter)              Turns: 686, Time: 00:01:27

Health: 0/30       AC: 10    Str: 19    XL:     2   Next: 70%
Magic:  2/2        EV:  9    Int:  8    God:
Gold:   56         SH:  4    Dex:  9    Spells: 1/1 levels left

rFire   . . .        a - +0 flail
rCold   . . .        c - +0 buckler
rNeg    + . .        b - +0 scale mail
rPois   ∞            i - +1 hat
rElec   +            (no cloak)
rCorr   .            (no gloves)
SInv    .            (no boots)
Will    .....        (no amulet) Stlth
                     (no ring)
HPRegen 0.25/turn    (no ring)
MPRegen 0.08/turn

%: no passive effects
@: mighty, berserking, very quick
A: sickness immunity, AC +2, negative energy resistance 1, electricity
resistance, torment resistance 1, petrification resistance
a: no special abilities


You were on level 2 of the Dungeon.
You visited 1 branch of the dungeon, and saw 2 of its levels.

You collected 56 gold pieces.

Inventory:

Hand Weapons
 a - a +0 flail (weapon)
Armour
 b - a +0 scale mail (worn)
 c - a +0 buckler (worn)
 i - a +1 hat (worn)
Scrolls
 e - a scroll of enchant armour {unknown}
 f - a scroll of teleportation {unknown}
 g - a scroll of fog {unknown}
Potions
 j - a potion of curing {unknown}


   Skills:
 + Level 3.6 Fighting
 + Level 2.4 Maces & Flails
 + Level 3.6 Armour
 - Level 3.2 Shields


You had one spell level left.
You didn't know any spells.
Your spell library was empty.

Dungeon Overview and Level Annotations

Branches:
Dungeon (2/15)

Altars:

Shops:
D:1 *

Annotations:
D:2 Terence


Innate Abilities, Weirdness & Mutations

You are immune to sickness and miasma.
Your stone body is resilient. (AC +2)
You are immune to poison.
You resist negative energy. (rN+)
You are resistant to electric shocks. (rElec)
You are resistant to unholy torment.
You are immune to petrification.


Message History

The slug dart hits you but does no damage.
Terence hits you with a +0 flail.
You feel very mighty all of a sudden. Terence says, "How do you enjoy it?"
Terence hits you with a +0 flail!
* * * LOW HITPOINT WARNING * * *
Unknown command.
You hit Terence but do no damage.
An endoplasm comes into view.
You block Terence's attack.
You barely miss Terence.
The endoplasm quivers.
Terence closely misses you. The dart slug launches a dart at you.
The slug dart hits you.
* * * LOW HITPOINT WARNING * * *
The giant cockroach closely misses you. Terence barely misses you.
It was a potion of berserk rage.
A red film seems to cover your vision as you go berserk!
You feel yourself moving faster!
You feel mighty!
The giant cockroach bites you but does no damage.
The dart slug launches a dart at you.
The slug dart hits you but does no damage.
Terence barely misses you.
You sock Terence!
Terence is heavily wounded.
The giant cockroach bites you but does no damage.
Unknown command.
You hit Terence.
Terence is heavily wounded.
Terence hits you with a +0 flail.
* * * LOW HITPOINT WARNING * * *
You block the giant cockroach's attack.
Unknown command.
Unknown command.
You barely miss Terence.
Terence is heavily wounded.
The giant cockroach closely misses you. Terence hits you with a +0 flail.
You die...
Terence says, "Time to find some more victims."

.. ..#######..
#.##.........
#...........##
#............##
..............#
..............#
......>.......#
..?...B@......#
.......@......#
#............##
#.........J..#
..........w#.#
..#####[##$. ..
. #.. ##. . ##.
#.


You could see Terence, a dart slug, an endoplasm and a giant cockroach.

Vanquished Creatures
  A dart slug (D:1)
  2 endoplasms (D:1)
  A giant cockroach (D:1)
  3 goblins (D:1)
  A quokka (D:1)
  2 bats (D:1)
  A frilled lizard (D:1)
  2 kobolds (D:1)
  2 rats (D:1)
15 creatures vanquished.

Notes
Turn   | Place    | Note
-------+----------+-------------------------------------------
     0 | D:1      | Doomgape the Gargoyle Fighter began the quest for the Orb.
     0 | D:1      | Reached XP level 1. HP: 14/14 MP: 1/1
    16 | D:1      | Found Uwkateq's Assorted Antiques.
   106 | D:1      | Found a faded altar of an unknown god.
   123 | D:1      | Reached XP level 2. HP: 12/19 MP: 2/2
   677 | D:2      | Noticed Terence
   686 | D:2      | Slain by Terence

Illustrated notes

Levels and vault maps discovered:
D:1:      dpeg_arrival_lava_altar, layout_loops_ring, serial_shops, shop,
          chequers_ecumenical_altar_island
D:2:      layout_rooms, serial_shops, shop, uniq_jessica, uniq_terence

Action                     || total
---------------------------++-------
  Melee: Flail             ||    63
    Use: Potion            ||     2
 Armour: Scale mail        ||    45
  Dodge: Dodged            ||    40
  Block: Buckler           ||    18
